 Dungeon Crawl Stone Soup version 0.17-a0-1753-g75d4604 (webtiles) character file.

6717 poirepourri the Whirler (level 11, 0/66 HPs)
             Began as a Halfling Hunter on Sept 2, 2015.
             Was an Elder of Okawaru.
             Killed by vampiric draining
             ... invoked by Josephine
              (15 damage)
             ... on level 10 of the Dungeon.
             The game lasted 00:28:22 (12284 turns).

poirepourri the Whirler (Halfling Hunter)          Turns: 12284, Time: 00:28:22

Health: 0/66       AC: 10    Str: 13    XL:     11   Next: 23%
Magic:  12/12      EV: 15    Int: 10    God:    Okawaru [****..]
Gold:   564        SH:  6    Dex: 18    Spells: 0 memorised, 10 levels left

rFire  . . .     SeeInvis .     a - +2 hunting sling (freeze)
rCold  . . .     Clarity  .     s - +0 scale mail
rNeg   . . .     SustAt   +     i - +0 buckler
rPois  .         Gourm    .     (no helmet)
rElec  .         Spirit   .     q - +0 cloak
rCorr  .         Warding  .     k - +1 pair of gloves
rMut   .         Stasis   .     (no boots)
MR     +....                    (no amulet)
Stlth  +.........               u - ring of protection from magic
                                l - ring of sustain attributes

@: slowed, very slow, somewhat resistant to hostile enchantments, very
unstealthy
A: mutation resistance 1
a: Heroism, Renounce Religion


You were on level 10 of the Dungeon.
You worshipped Okawaru.
Okawaru was greatly pleased with you.
You were not hungry.

You visited 1 branch of the dungeon, and saw 10 of its levels.

You collected 598 gold pieces.

Inventory:

Hand weapons
 a - a +2 hunting sling of freezing (weapon)
 b - a +0 short sword of electrocution
 c - a +0 short sword
Missiles
 v - 17 stones (quivered)
 y - 11 exploding sling bullets
Armour
 d - a +0 leather armour
 i - a +0 buckler (worn)
 k - a +1 pair of gloves (worn)
 q - a +0 cloak (worn)
 s - a +0 scale mail (worn)
Jewellery
 l - a ring of sustain attributes (left hand)
 u - a ring of protection from magic (right hand)
 E - an uncursed ring of flight
Magical devices
 j - a wand of fireball (0)
 n - a wand of disintegration (0)
 B - a wand of fire (0)
 D - a wand of magic darts (23)
Scrolls
 g - a scroll of teleportation
 r - 2 scrolls of amnesia
 w - 2 scrolls of identify
 x - 2 scrolls of magic mapping
 z - a scroll of enchant weapon
Potions
 o - 2 potions of brilliance
 G - a potion of might
Books
 p - a book of Cantrips

   Spells                             Type                      Level
   a - Corona                         Hexes                        1
   b - Animate Skeleton               Necromancy                   1
   c - Summon Small Mammal            Summoning                    1
   d - Apportation                    Translocation                1
Miscellaneous
 e - a plain deck of changes {drawn: 6}
Comestibles
 f - 4 bread rations
 h - a meat ration
 m - 7 beef jerkies


   Skills:
 + Level 2.8 Fighting
 + Level 1.5 Short Blades
 + Level 18.7 Slings
 + Level 5.0 Armour
 + Level 5.9 Dodging
 + Level 1.9 Stealth
 + Level 3.7 Shields
 + Level 1.8 Invocations
 + Level 0.8 Evocations


You had 10 spell levels left.
You didn't know any spells.

Dungeon Overview and Level Annotations

Branches:
Dungeon (10/15)              Lair (0/8) D:10
 Temple: D:4-7          Orc: D:9-12

Altars:
Elyvilon
Gozag
Kikubaaqudgha
Nemelex Xobeh
Okawaru
Sif Muna
Vehumet
Yredelemnul

Shops:
D:9 (   D:10 [

Annotations:
D:6 1 runed door
D:10 Josephine


Innate Abilities, Weirdness & Mutations

You are small and have problems with some larger weapons.
You are somewhat resistant to further mutation.


Message History

Press: ? - help, Shift-Dir - straight line, f/p - Josephine
Aim: Josephine, wielding a dagger and wearing a robe (severely wounded)
You shoot a stone.
The stone hits Josephine but does no damage.
Josephine is severely wounded.
Josephine hits you with a dagger.
Firing (i - inventory. (,) - cycle):
v - 19 stones (quivered)
Press: ? - help, Shift-Dir - straight line, f/p - Josephine
Aim: Josephine, wielding a dagger and wearing a robe (severely wounded)
You shoot a stone. The stone hits Josephine.
The stone freezes Josephine.
Josephine is severely wounded.
Firing (i - inventory. (,) - cycle):
v - 18 stones (quivered)
Press: ? - help, Shift-Dir - straight line, f/p - Josephine
Aim: Josephine, wielding a dagger and wearing a robe (severely wounded)
You shoot a stone. The stone completely misses Josephine.
The wraith hits you.
* * * LOW HITPOINT WARNING * * *
The wraith drains your vigour!
You feel yourself slow down.
* * * LOW HITPOINT WARNING * * *
Josephine is infused with unholy energy.
You die...

.. #...#####.# #.# #.#
#....
####......####.####.#
#.###
#................# #.#
# #.###............#
#<# # #.#
#(...........# #.# #
'.# #(...........# #.#
# ≈###
#............#####.###
8≈
#.....................
≈≈
#....@W......#####.###
### #####....W@......#
#.# #
....(.(....(.....# #.#
# .................#
#.# #
.................# #.#
# .................#
#.# #
.................# #.#
# ................(#
#.###
.................#
#....


You could see Josephine and 2 wraiths.

Vanquished Creatures
  A trapdoor spider zombie (D:5)
  2 two-headed ogres (D:9)
  5 yaks (D:10)
  A wraith (D:10)
  Eustachio (D:5)
  A hungry ghost (D:10)
  Menkaure (D:6)
  Edmund (D:5)
  A water moccasin (D:9)
  Duvessa (D:5)
  A necrophage (D:5)
  5 black bears
  A sky beast (D:10)
  An ice beast (D:8)
  A phantom (D:9)
  3 centaurs
  2 ogres
  2 orc warriors
  Blork the orc (D:6)
  6 giant frogs
  Dowan (D:5)
  A wyvern zombie (D:7)
  8 killer bees
  A scorpion (D:5)
  2 giant frog zombies (D:9)
  13 wights
  5 crimson imps
  2 centaur zombies
  Crazy Yiuf (D:6)
  A giant frog skeleton (D:5)
  6 hounds
  A jelly (D:5)
  3 orc priests
  8 orc wizards
  Jessica (D:3)
  Terence (D:3)
  Natasha (twice) (D:2)
  4 iguanas
  12 worker ants
  A killer bee zombie (D:7)
  A hound skeleton (D:5)
  A worker ant zombie (D:5)
  11 adders
  A river rat (D:10)
  5 oozes
  An adder skeleton (D:7)
  2 worms
  7 giant geckos
  16 orcs
  9 bats
  8 goblins
  17 hobgoblins
  2 quokkas
  A ball python (D:2)
  5 giant cockroaches
  11 jackals
  6 kobolds
  A quokka skeleton (D:6)
  A quokka zombie (D:9)
  9 rats
  A butterfly (D:6)
228 creatures vanquished.

Vanquished Creatures (others)
  2 kobolds (D:3)
2 creatures vanquished.

Grand Total: 230 creatures vanquished

Notes
Turn   | Place    | Note
--------------------------------------------------------------
     0 | D:1      | poirepourri the Halfling Hunter began the quest for the Orb.
     0 | D:1      | Reached XP level 1. HP: 14/14 MP: 1/1
    47 | D:1      | Reached skill level 6 in Slings
    58 | D:1      | Reached XP level 2. HP: 19/19 MP: 2/2
   363 | D:1      | Reached skill level 7 in Slings
   363 | D:1      | Reached XP level 3. HP: 22/24 MP: 3/3
  1407 | D:2      | Reached XP level 4. HP: 29/29 MP: 4/4
  1538 | D:2      | Reached skill level 1 in Armour
  1588 | D:2      | Noticed Natasha
  1600 | D:2      | Killed Natasha
  1617 | D:2      | Noticed Natasha
  1623 | D:2      | Killed Natasha
  1623 | D:2      | Reached XP level 5. HP: 28/34 MP: 5/5
  1885 | D:3      | Noticed Jessica
  1898 | D:3      | Killed Jessica
  1898 | D:3      | Reached skill level 8 in Slings
  2053 | D:3      | Found an iron altar of Okawaru.
  2066 | D:3      | Became a worshipper of Warmaster Okawaru
  2224 | D:3      | Reached skill level 9 in Slings
  2224 | D:3      | Reached XP level 6. HP: 19/39 MP: 6/6
  2791 | D:3      | Noticed Terence
  2796 | D:3      | Gained mutation: Your body sometimes deteriorates upon taking damage. [potion of mutation]
  2803 | D:3      | Killed Terence
  2803 | D:3      | Acquired Okawaru's first power
  2807 | D:3      | Reached skill level 10 in Slings
  2807 | D:3      | Reached XP level 7. HP: 40/44 MP: 7/7
  2934 | D:3      | Found a radiant altar of Vehumet.
  3610 | D:4      | You fall through a shaft for 3 floors!
  3610 | D:7      | Found a white marble altar of Elyvilon.
  3957 | D:5      | Entered Level 5 of the Dungeon
  3957 | D:5      | Noticed Duvessa
  3993 | D:5      | Killed Duvessa
  3996 | D:5      | Noticed Dowan
  4003 | D:5      | Noticed Eustachio
  4339 | D:6      | Found a sparkling altar of Nemelex Xobeh.
  4417 | D:6      | Reached skill level 11 in Slings
  4763 | D:6      | Reached skill level 1 in Shields
  4763 | D:6      | Reached XP level 8. HP: 38/50 MP: 8/8
  4895 | D:6      | Found a runed door.
  4915 | D:6      | Found a runed door.
  5021 | D:6      | Reached skill level 12 in Slings
  5140 | D:5      | Killed Dowan
  5189 | D:5      | Killed Eustachio
  5520 | D:5      | Noticed Edmund
  5548 | D:5      | Killed Edmund
  5628 | D:5      | You fall through a shaft!
  5800 | D:5      | Reached skill level 13 in Slings
  5800 | D:5      | Reached XP level 9. HP: 31/54 MP: 9/9
  6040 | D:5      | Found a deep blue altar of Sif Muna.
  6085 | D:5      | Reached skill level 1 in Invocations
  6236 | D:5      | Reached skill level 14 in Slings
  6612 | D:5      | Found an ancient bone altar of Kikubaaqudgha.
  7539 | D:6      | Noticed Menkaure
  7542 | D:6      | Killed Menkaure
  7542 | D:6      | Reached skill level 15 in Slings
  7550 | D:6      | Noticed Blork the orc
  7563 | D:6      | Killed Blork the orc
  7563 | D:6      | Reached skill level 5 in Dodging
  7661 | D:6      | Lost mutation: Your body sometimes deteriorates upon taking damage. [helix card]
  7865 | D:6      | Noticed Crazy Yiuf
  7867 | D:6      | Killed Crazy Yiuf
  8506 | D:7      | Reached XP level 10. HP: 48/61 MP: 11/11
  8545 | D:7      | Reached skill level 1 in Short Blades
  9036 | D:7      | Reached skill level 16 in Slings
  9037 | D:7      | Found an opulent altar of Gozag.
 10457 | D:9      | Found Aturor's Weapon Boutique.
 10532 | D:9      | Found a basalt altar of Yredelemnul.
 10538 | D:9      | Received a gift from Okawaru
 10555 | D:9      | Reached skill level 17 in Slings
 11608 | D:10     | Entered Level 10 of the Dungeon
 11633 | D:10     | Reached XP level 11. HP: 54/66 MP: 9/12
 11643 | D:10     | Reached skill level 18 in Slings
 11643 | D:10     | Reached skill level 5 in Armour
 11786 | D:10     | Found Fatir's Antique Armour Shoppe.
 11947 | D:10     | Found a staircase to the Lair.
 12074 | D:10     | Received a gift from Okawaru
 12218 | D:10     | Noticed Josephine
 12284 | D:10     | Killed from afar by Josephine

Vault maps used:
D:1:      dpeg_arrival_boxes_within_box
D:2:      uniq_natasha
D:3:      kennysheep_six_static_rooms, fiery_altar_vehumet, okawaru_gym_becter,
          uniq_terence, uniq_jessica
D:4:      first_bread, portal_sewer_entry_c
D:5:      kiku_gazebo_pond_becter, led_sif_book, minmay_misc_feat_encased,
          uniq_duvessa, uniq_edmund, uniq_eustachio
D:6:      lemuel_insect_pit, nemelex_deck, uniq_blork_the_orc,
          uniq_crazy_yiuf_cottage, uniq_menkaure
D:7:      nicolae_gozag_seed_capital, nicolae_overflow_crystal_walls
D:9:      overflow_temple_1_default, serial_shops, nicolae_shop_waterfront,
          grunt_ogre_cave, kennysheep_generic_room_9
D:10:     due_lair_maze_entry_diamond, serial_shops, nicolae_shop_statue_plus,
          kennysheep_small_square, uniq_josephine

Action                   |  1- 3 |  4- 6 |  7- 9 | 10-12 || total
-------------------------+-------+-------+-------+-------++-------
Melee: Short sword       |     7 |     1 |   129 |       ||   137
       Hunting sling     |       |       |     1 |       ||     1
 Fire: Hunting sling     |   103 |   133 |   482 |   548 ||  1266
Invok: Heroism           |       |       |     8 |     7 ||    15
Evoke: Wand              |       |     2 |     6 |     3 ||    11
       Deck              |       |       |     3 |     3 ||     6
  Use: Scroll            |     4 |     3 |     5 |     7 ||    19
       Potion            |       |     6 |     8 |     1 ||    15
  Eat: Pizza             |     1 |       |       |     2 ||     3
       Bread ration      |       |     1 |     3 |     2 ||     6
       Meat ration       |       |       |     1 |     1 ||     2
       Beef jerky        |       |       |     1 |       ||     1
